 Dungeon Crawl Stone Soup version 0.19.5 (webtiles) character file.

49 McKennaii the Firebug (level 3, -1/19 HPs)
             Began as a Deep Elf Fire Elementalist on May 11, 2017.
             Slain by a frilled lizard (3 damage)
             ... on level 2 of the Dungeon.
             The game lasted 00:01:24 (1253 turns).

McKennaii the Firebug (Deep Elf Fire Elementalist)  Turns: 1253, Time: 00:01:25

Health: -1/19      AC:  2    Str:  5    XL:     3   Next: 53%
Magic:  0/10       EV: 13    Int: 20    God:
Gold:   94         SH:  0    Dex: 15    Spells: 3 memorised, 3 levels left

rFire  . . .     SeeInvis .     (no weapon)
rCold  . . .     Gourm    .     a - +0 robe
rNeg   . . .     Faith    .     (no shield)
rPois  .         Spirit   .     (no helmet)
rElec  .         Reflect  .     (no cloak)
rCorr  .         Harm     .     (no gloves)
MR     .....                    (no boots)
Stlth  ++........               (no amulet)
                                (no ring)
                                (no ring)

@: no status effects
A: no striking features
a: no special abilities


You were on level 2 of the Dungeon.
You were not hungry.

You visited 1 branch of the dungeon, and saw 2 of its levels.

You collected 94 gold pieces.

Inventory:

Armour
 a - a +0 robe (worn)
Scrolls
 d - a scroll of random uselessness {unknown}
 e - a scroll of magic mapping {unknown}
 h - a scroll of recharging {unknown}
 j - a scroll of remove curse {unknown}
 n - a scroll of teleportation {unknown}
Potions
 g - a potion of degeneration {unknown}
 k - a potion of curing {unknown}
 l - 2 potions of agility {unknown}
Books
 b - a book of Flames

   Spells                             Type                      Level
   a - Flame Tongue                   Conjuration/Fire             1
   b - Throw Flame                    Conjuration/Fire             2
   c - Conjure Flame                  Conjuration/Fire             3
   d - Inner Flame                    Hexes/Fire                   3
   e - Sticky Flame                   Conjuration/Fire             4
   f - Fireball                       Conjuration/Fire             5
Comestibles
 c - 3 bread rations
 f - 4 meat rations
 i - a royal jelly
 m - a chunk of flesh


   Skills:
 + Level 2.9 Dodging
 + Level 2.4 Stealth
 + Level 3.8 Spellcasting
 + Level 1.4 Conjurations
 + Level 4.1 Fire Magic


You had 3 spell levels left.
You knew the following spells:

 Your Spells              Type           Power        Failure   Level  Hunger
a - Flame Tongue          Conj/Fire      ###..        4%          1    None
b - Throw Flame           Conj/Fire      ###...       10%         2    ##.....
c - Conjure Flame         Conj/Fire      ###.....     14%         3    ###....


Dungeon Overview and Level Annotations

Branches:
Dungeon (2/15)

Altars:
Ru
Uskayaw


Message History

* * * LOW HITPOINT WARNING * * *
Unknown command.
Casting: Flame Tongue
Confirm with . or Enter, or press ? or * to list all spells.
Aiming: Flame Tongue
Press: ? - help, Shift-Dir - straight line, f/p - giant cockroach
Aim: a giant cockroach (clinging)
The flame tongue hits the giant cockroach.
The giant cockroach is severely wounded.
The giant cockroach misses you. x2
The frilled lizard bites you but does no damage.
Casting: Flame Tongue
Confirm with . or Enter, or press ? or * to list all spells.
Aiming: Flame Tongue
Press: ? - help, Shift-Dir - straight line, f/p - giant cockroach
Aim: a giant cockroach (severely wounded, clinging)
The flame tongue hits the giant cockroach.
You kill the giant cockroach!
The frilled lizard bites you.
You die...

##. .... # ##..#.
##. ......
#..#######......
................ .
.........l......
..# #....@l$.....
#...##....#†####..
..........#... #
#..##...#####.#
###......(#... #..
..........#.#
##.###...#
#..####.#.....# .
..#..... #..#
...#.....##..
.##....... ###
#....## ##..>.....
...#.....


You could see 2 frilled lizards.

Vanquished Creatures
  An adder (D:2)
  A worm (D:2)
  A dart slug (D:1)
  5 leopard geckos
  3 bats (D:1)
  2 giant cockroaches (D:2)
  5 goblins
  4 hobgoblins
  A quokka (D:2)
  A frilled lizard (D:1)
  A kobold (D:1)
  3 rats (D:1)
28 creatures vanquished.

Notes
Turn   | Place    | Note
-------+----------+-------------------------------------------
     0 | D:1      | McKennaii the Deep Elf Fire Elementalist began the quest for the Orb.
     0 | D:1      | Reached XP level 1. HP: 10/10 MP: 6/6
   465 | D:1      | Reached XP level 2. HP: 15/15 MP: 6/8
   729 | D:1      | Reached skill level 4 in Fire Magic
  1055 | D:2      | Found a sacrificial altar of Ru.
  1084 | D:2      | Found a hide-covered altar of Uskayaw.
  1117 | D:2      | Reached XP level 3. HP: 19/19 MP: 8/10
  1124 | D:2      | Learned a level 2 spell: Throw Flame
  1128 | D:2      | Learned a level 3 spell: Conjure Flame
  1253 | D:2      | Slain by a frilled lizard

Skill      XL: |  1  2 |
---------------+-------+-----
Fire Magic     | 4 |  4.1
Dodging        | |  2.9
Stealth        | |  2.4
Spellcasting   | |  3.8
Conjurations   | |  1.4

Action                   || total
-------------------------++-------
Melee: Unarmed           ||     1
 Cast: Flame Tongue      ||    53
  Eat: Chunk             ||     1
Armor: Robe              ||     3
Dodge: Dodged            ||    18
